[Event "Thursday 18 January Rapid Engine Tour 12+1 Rounds 9 Starts 1600 ST"]
[Site "Infinity Chess"]
[Date "2018.1.18"]
[Round "4"]
[White "Marsell"]
[Black "IronMan"]
[Result "1-0"]
[ECO "B07"]
[WhiteElo "2484"]
[BlackElo "2414"]
[WhiteEngine "asmFishW_2018-01-11_popcnt"]
[BlackEngine "Eman 1.58 64-bit BMI2"]
[EventType "Swiss"]
[WhiteTeam ""]
[BlackTeam ""]
[PlyCount "135"]
[TimeControl "720+1"]

1. e4 d6 2. d4 Nf6 3. Nc3 e5 4. Nf3 exd4 5. Nxd4 Be7 6. Bf4 O-O 7. Qd2 Nc6 
8. O-O-O Nxd4 9. Qxd4 a6 10. Be2 Re8 11. Kb1 Be6 12. Rhg1 b5 13. g4 c5 
14. Qe3 b4 15. g5 bxc3 16. gxf6 Bxf6 17. b3 Bd4 18. Rxd4 cxd4 19. Qxd4 g6 
20. Rd1 a5 21. Qxc3 a4 22. Bh6 f6 23. Bb5 Rc8 24. Qd4 Bd7 25. Qd5+ Be6 
26. Qxd6 axb3 27. axb3 Qxd6 28. Rxd6 Re7 29. Be3 Kf7 30. Kb2 Rb8 31. c4 Reb7 
32. b4 g5 33. Ra6 Rxb5 34. cxb5 Rxb5 35. Ra7+ Kg6 36. Kc3 Re5 37. f3 Rb5 
38. Ra5 Rxa5 39. bxa5 Bh3 40. a6 Bc8 41. a7 Bb7 42. Kd4 f5 43. Ke5 fxe4 
44. fxe4 Ba8 45. Bc5 g4 46. Be7 Bc6 47. Bh4 Kf7 48. Kf5 Bb7 49. e5 Bf3 
50. e6+ Kg7 51. Ke5 Kf8 52. Kd6 Ke8 53. Kc7 Bg2 54. Kb8 Kf8 55. a8=Q Bxa8 
56. Kxa8 Ke8 57. Kb7 Kf8 58. Kc7 Ke8 59. Kc8 h6 60. Kc7 h5 61. e7 g3 
62. hxg3 Kf7 63. Kd7 Kg8 64. Ke6 Kh7 65. e8=Q Kg7 66. Bf6+ Kh7 67. Qh8+ Kg6 
68. Qg7# 1-0

[Event "Thursday 18 January Rapid Engine Tour 12+1 Rounds 9 Starts 1600 ST"]
[Site "Infinity Chess"]
[Date "2018.1.18"]
[Round "4"]
[White "Vimtiroba"]
[Black "Neoxium"]
[Result "1/2-1/2"]
[ECO "B00"]
[WhiteElo "2509"]
[BlackElo "2480"]
[WhiteEngine "SF@Infinity_CTG"]
[BlackEngine "SF SL FA-IDeA"]
[EventType "Swiss"]
[WhiteTeam ""]
[BlackTeam ""]
[PlyCount "203"]
[TimeControl "720+1"]

1. e4 Nc6 2. d4 d5 3. e5 Bf5 4. c3 f6 5. f4 Nh6 6. Nd2 e6 7. Ndf3 Be7 8. Bd3 Qd7 
9. Ne2 Na5 10. Ng3 Bxd3 11. Qxd3 f5 12. b3 b6 13. Qa6 Qc8 14. Qb5+ c6 
15. Qa4 Qd7 16. Ne2 c5 17. Qxd7+ Kxd7 18. Be3 Nf7 19. h3 c4 20. b4 Nc6 
21. g4 Nh6 22. Rg1 a6 23. Kf2 g6 24. a4 Kc7 25. Bd2 Raf8 26. Rab1 Ra8 
27. Rbe1 Kd7 28. Rd1 Rag8 29. Kg3 Bd8 30. Kf2 Rf8 31. Be3 Rhg8 32. Ke1 Nf7 
33. Kd2 Nh6 34. Rb1 Be7 35. Rbf1 Rb8 36. Ng5 Rh8 37. Nf3 Rhg8 38. Bf2 Rbf8 
39. Rg2 b5 40. Ra1 bxa4 41. Rxa4 Ra8 42. Ng5 Rh8 43. Rg1 a5 44. b5 Nd8 
45. Bh4 Rg8 46. Rga1 Nb7 47. Rg1 Nd8 48. Nf3 Bxh4 49. g5 Bxg5 50. fxg5 Nhf7 
51. Rga1 Kc7 52. Rxa5 Rxa5 53. Rxa5 Kb6 54. Ra1 Kxb5 55. h4 Kb6 56. Nf4 Re8 
57. h5 gxh5 58. Nxh5 Rg8 59. Nf6 Rg7 60. Rg1 Kb5 61. Ke3 Kc6 62. Kf2 Kb5 
63. Rb1+ Kc6 64. Rg1 Kb5 65. Ke3 Kc6 66. Ke2 Kb5 67. Kd2 Kc6 68. Ke2 Kb5 
69. Rb1+ Kc6 70. Rb8 Kc7 71. Ne8+ Kxb8 72. Nxg7 Kc8 73. Ne8 Kd7 74. Nf6+ Ke7 
75. Nxh7 Nh8 76. Ke3 Ng6 77. Ng1 Nc6 78. Nf6 Kf7 79. Ne2 Nf8 80. Nf4 Ng6 
81. Ne2 Nf8 82. Nf4 Ng6 83. Nh3 Ke7 84. Ng1 Kf7 85. Nh3 Nb8 86. Kd2 Ke7 
87. Ke3 Kf7 88. Kf2 Nc6 89. Nh5 Nce7 90. Kf3 Nc6 91. Ng1 Nce7 92. Nh3 Nh8 
93. Nf6 Nhg6 94. Ng1 Nf8 95. Nh3 Nfg6 96. Ke3 Nc6 97. Nh5 Nce7 98. Nf6 Nc6 
99. Ke2 Nce7 100. Nh5 Nf8 101. Kf3 Nfg6 102. Ke2 1/2-1/2

[Event "Thursday 18 January Rapid Engine Tour 12+1 Rounds 9 Starts 1600 ST"]
[Site "Infinity Chess"]
[Date "2018.1.18"]
[Round "3"]
[White "BraveDevil"]
[Black "Satria_Ungu"]
[Result "1/2-1/2"]
[ECO "A40"]
[WhiteElo "2366"]
[BlackElo "2378"]
[WhiteEngine "Cryptic AIL V1"]
[BlackEngine "Houdini 6_CTG"]
[EventType "Swiss"]
[WhiteTeam ""]
[BlackTeam ""]
[PlyCount "183"]
[TimeControl "720+1"]

1. d4 c6 2. e4 d5 3. Nc3 dxe4 4. Nxe4 Bf5 5. Ng3 Bg6 6. Nf3 Nf6 7. Bg5 e6 
8. Bxf6 gxf6 9. h4 h6 10. Bd3 Rg8 11. Bxg6 Rxg6 12. Qd2 Nd7 13. O-O-O Qb6 
14. Rhg1 Qb5 15. Ne4 Nb6 16. Kb1 Nc4 17. Qc3 O-O-O 18. Ned2 Nb6 19. Qb3 Rg4 
20. c3 Qe2 21. Rde1 Qd3+ 22. Qc2 Qxc2+ 23. Kxc2 c5 24. Re4 Rxe4 25. Nxe4 cxd4 
26. Nxd4 f5 27. Nd2 Bd6 28. g4 Rg8 29. g5 Be7 30. f4 h5 31. N2f3 Nd5 32. Ne5 Rf8 
33. Nd3 Bd6 34. Ne2 Ne7 35. Rh1 Ng6 36. c4 a5 37. Kd2 Kd7 38. Ke3 Rd8 
39. Nd4 Ke8 40. Ne2 Ke7 41. c5 Bc7 42. Nd4 f6 43. Nf3 e5 44. gxf6+ Kxf6 
45. Nfxe5 Nxe5 46. fxe5+ Bxe5 47. Rc1 Bd4+ 48. Kf3 Re8 49. c6 Re3+ 50. Kg2 bxc6 
51. Rxc6+ Kf7 52. Nf4 Re4 53. Kf3 Be5 54. Nd3 Bh2 55. Rc5 Kf6 56. Rxa5 Rxh4 
57. Ra6+ Kg5 58. Nc5 Rg4 59. Ne6+ Kh4 60. b3 Kh3 61. Ra5 Rg3+ 62. Kf4 Rxb3+ 
63. Kxf5 Re3 64. Nf4+ Bxf4 65. Kxf4 Rc3 66. Rxh5+ Kg2 67. Ra5 Kf1 68. Ke5 Rg3 
69. Kd4 Ke1 70. Kc4 Rg4+ 71. Kd3 Rg3+ 72. Kc2 Rg2+ 73. Kc3 Rg3+ 74. Kb4 Rg4+ 
75. Kb3 Rg3+ 76. Kb2 Rg2+ 77. Kb3 Rg3+ 78. Kc2 Rg2+ 79. Kc1 Ke2 80. Ra3 Rg7 
81. Rh3 Ra7 82. Kb2 Kd2 83. Kb3 Rb7+ 84. Kc4 Ra7 85. Kb5 Rb7+ 86. Kc6 Ra7 
87. Kb5 Rb7+ 88. Ka6 Rb4 89. Ka5 Rb8 90. a4 Kc2 91. Ka6 Rg8 92. Re3 1/2-1/2

[Event "Thursday 18 January Rapid Engine Tour 12+1 Rounds 9 Starts 1600 ST"]
[Site "Infinity Chess"]
[Date "2018.1.18"]
[Round "3"]
[White "OlivierEvan"]
[Black "Dovahkiin"]
[Result "1/2-1/2"]
[ECO "A07"]
[WhiteElo "2396"]
[BlackElo "2421"]
[WhiteEngine "Houdini 6"]
[BlackEngine "BrainFish_180113_x64_modern_CTG"]
[EventType "Swiss"]
[WhiteTeam ""]
[BlackTeam ""]
[PlyCount "132"]
[TimeControl "720+1"]

1. Nf3 d5 2. g3 Nf6 3. d4 e6 4. c4 Be7 5. Bg2 O-O 6. O-O dxc4 7. Qc2 a6 
8. a4 Bd7 9. Qxc4 Bc6 10. Bf4 Bd6 11. Qc1 a5 12. Nc3 Na6 13. Rd1 Nb4 
14. Ne1 Bxg2 15. Kxg2 Nfd5 16. Bxd6 cxd6 17. e4 Nc7 18. Qd2 Qe8 19. Rac1 f5 
20. Kg1 h6 21. Ng2 fxe4 22. Nxe4 Qd7 23. Ne3 b5 24. axb5 Nxb5 25. Nc4 Nd5 
26. Nxa5 Nxd4 27. Qxd4 Rxa5 28. Ra1 Rxa1 29. Rxa1 Qc6 30. h3 Rd8 31. Ra7 Rd7 
32. Rxd7 Qxd7 33. Qd3 Kf8 34. Qa3 Ke7 35. b4 Nc7 36. Nc3 Qc6 37. Qb2 Kf7 
38. h4 Kg8 39. Ne2 Qc4 40. Nd4 Kh7 41. Kg2 Kg8 42. Kh2 Kh7 43. Qd2 Kg8 
44. b5 Nxb5 45. Nxb5 Qxb5 46. Qxd6 Qe2 47. Qf4 Kh7 48. Kg2 h5 49. Kh2 Kg6 
50. Qd4 Qf3 51. Qc5 Qe2 52. Kg2 Kf7 53. Qd4 Kg6 54. Kh3 Kh7 55. Kh2 Qb5 
56. Kg2 Qf5 57. Qe3 Kg6 58. f3 Kf7 59. Qa7+ Kg8 60. Qa4 Kh7 61. Qc6 Kg6 
62. Qc7 Qb1 63. Qc4 Qf5 64. g4 hxg4 65. fxg4 Qd5+ 66. Qxd5 exd5 1/2-1/2

[Event "Thursday 18 January Rapid Engine Tour 12+1 Rounds 9 Starts 1600 ST"]
[Site "Infinity Chess"]
[Date "2018.1.18"]
[Round "3"]
[White "KULLANI"]
[Black "Thinker"]
[Result "1/2-1/2"]
[ECO "C53"]
[WhiteElo "2450"]
[BlackElo "2449"]
[WhiteEngine "BrainFish_180113_x64_CTG"]
[BlackEngine "BrainFish_180113_x64_modern_CTG"]
[EventType "Swiss"]
[WhiteTeam ""]
[BlackTeam ""]
[PlyCount "104"]
[TimeControl "720+1"]

1. e4 e5 2. Nf3 Nc6 3. Bc4 Bc5 4. c3 Nf6 5. d3 O-O 6. O-O d6 7. h3 a6 
8. Nbd2 Ba7 9. Bb3 h6 10. Re1 Re8 11. Nf1 Be6 12. Bxe6 Rxe6 13. Be3 Bxe3 
14. Nxe3 d5 15. Qc2 Qd7 16. a4 a5 17. Rad1 b6 18. exd5 Nxd5 19. Nxd5 Qxd5 
20. Re3 Rae8 21. Rde1 g6 22. Qb1 Kg7 23. b3 Qc5 24. Qb2 Qd6 25. Qe2 Qd5 
26. Qb2 Qd7 27. Qb1 Qd5 28. Qb2 Qd6 29. Qc2 Qd5 30. R3e2 Qc5 31. Qb2 Qd6 
32. Qc2 Nd8 33. Re3 f6 34. d4 exd4 35. cxd4 Rxe3 36. Rxe3 Rxe3 37. fxe3 f5 
38. Qc4 Ne6 39. Kf2 Ng5 40. Nxg5 hxg5 41. Kf3 Kf6 42. Kf2 Kg7 43. g3 c6 
44. Kf3 Qd5+ 45. Qxd5 cxd5 46. g4 Kf6 47. Kf2 Ke6 48. Kg3 Kd6 49. Kf3 Ke6 
50. Kg3 Kd6 51. Kf2 Kd7 52. Kg3 Kd6 1/2-1/2

[Event "Thursday 18 January Rapid Engine Tour 12+1 Rounds 9 Starts 1600 ST"]
[Site "Infinity Chess"]
[Date "2018.1.18"]
[Round "3"]
[White "Harry_Potter"]
[Black "star99"]
[Result "1-0"]
[ECO "B90"]
[WhiteElo "2477"]
[BlackElo "2411"]
[WhiteEngine "Stockfish_18011309_x64_bmi2_CTG"]
[BlackEngine "Cryptic AIL V1"]
[EventType "Swiss"]
[WhiteTeam ""]
[BlackTeam ""]
[PlyCount "177"]
[TimeControl "720+1"]

1. e4 c5 2. Nf3 d6 3. d4 cxd4 4. Nxd4 Nf6 5. Nc3 a6 6. h3 e5 7. Nde2 Be7 
8. g4 b5 9. g5 Nfd7 10. Nd5 O-O 11. h4 Nb6 12. Nec3 Bb7 13. Be3 Nxd5 
14. Nxd5 Nd7 15. Qd2 Bxd5 16. exd5 Nb6 17. f4 Nc4 18. Bxc4 bxc4 19. O-O-O Rc8 
20. c3 Rb8 21. Kb1 Qa5 22. Rh2 Rb5 23. fxe5 Rfb8 24. Qd4 Qa3 25. Bc1 Qa4 
26. b3 dxe5 27. Qg4 R5b6 28. Rb2 Qb5 29. Be3 R6b7 30. d6 Bf8 31. b4 a5 
32. Bc5 axb4 33. cxb4 g6 34. h5 c3 35. Rb3 gxh5 36. Qe4 Qa4 37. Qc2 Re8 
38. a3 Qd7 39. Qxc3 Qe6 40. Qh3 Qg6+ 41. Kb2 e4 42. a4 Rd8 43. Rd5 Rbb8 
44. Qf5 Qxf5 45. Rxf5 Bxd6 46. b5 Bxc5 47. Rxc5 Re8 48. Re3 h4 49. a5 h6 
50. gxh6 Re6 51. b6 Rxh6 52. Rec3 Kg7 53. Rc8 Rb7 54. R3c7 Rhxb6+ 55. axb6 Rxb6+ 
56. Kc3 Rd6 57. Re7 Rd1 58. Kc2 Rd4 59. Rcc7 Kg6 60. Rxf7 e3 61. Rf1 Rd2+ 
62. Kc3 Rd8 63. Re7 e2 64. Rxe2 Kh5 65. Rf7 Rc8+ 66. Kd3 h3 67. Rh7+ Kg4 
68. Re4+ Kg3 69. Re3+ Kg4 70. Rhxh3 Ra8 71. Rhg3+ Kf4 72. Rgf3+ Kg4 73. Ke2 Ra1 
74. Rf2 Rb1 75. Ref3 Rb2+ 76. Kf1 Rb4 77. Kg2 Kh5 78. Kh2 Rg4 79. Rg3 Rh4+ 
80. Rh3 Rxh3+ 81. Kxh3 Kg5 82. Rf3 Kh6 83. Kg4 Kg6 84. Rf2 Kh6 85. Kf5 Kg7 
86. Kg5 Kh7 87. Kf6 Kh8 88. Kf7 Kh7 89. Rh2# 1-0

[Event "Thursday 18 January Rapid Engine Tour 12+1 Rounds 9 Starts 1600 ST"]
[Site "Infinity Chess"]
[Date "2018.1.18"]
[Round "3"]
[White "fati64"]
[Black "ocirema"]
[Result "1/2-1/2"]
[ECO "C55"]
[WhiteElo "2487"]
[BlackElo "2423"]
[WhiteEngine "Raubfisch X37b3."]
[BlackEngine "stockfish_18011309_x64_modern_CTG"]
[EventType "Swiss"]
[WhiteTeam ""]
[BlackTeam ""]
[PlyCount "95"]
[TimeControl "720+1"]

1. e4 e5 2. Nf3 Nc6 3. Bc4 Nf6 4. d3 Bc5 5. O-O d6 6. c3 O-O 7. h3 a6 8. Re1 Ba7 
9. a4 h6 10. Nbd2 Nh5 11. Nf1 Qf6 12. Ne3 Nf4 13. Ng4 Qg6 14. Bxf4 exf4 
15. d4 Bxg4 16. hxg4 Qxg4 17. a5 Rae8 18. b4 Ne7 19. b5 axb5 20. Bxb5 Rb8 
21. e5 d5 22. e6 f6 23. Rb1 Rfd8 24. Bd7 h5 25. Re2 b6 26. a6 c6 27. Ne1 b5 
28. f3 Qf5 29. Nd3 Rb6 30. Ra1 Ra8 31. Qb1 Kf8 32. Rd2 Qh7 33. Qb3 g5 34. Qb4 h4 
35. Nc5 Kg8 36. Nd3 Kh8 37. Nf2 Qg7 38. Re2 Rbb8 39. Rb2 Rb6 40. Ng4 Kh7 
41. Rba2 Rbb8 42. Re1 Rb6 43. Rd1 Rg8 44. Qd6 Bb8 45. Qc5 Ba7 46. Qd6 Bb8 
47. Qc5 Ba7 48. Qd6 1/2-1/2

[Event "Thursday 18 January Rapid Engine Tour 12+1 Rounds 9 Starts 1600 ST"]
[Site "Infinity Chess"]
[Date "2018.1.18"]
[Round "3"]
[White "RonWeasley"]
[Black "Wolle"]
[Result "1/2-1/2"]
[ECO "C53"]
[WhiteElo "2455"]
[BlackElo "2460"]
[WhiteEngine "BrainFish 130117_CTG"]
[BlackEngine "Raubfisch X37a2_CTG"]
[EventType "Swiss"]
[WhiteTeam ""]
[BlackTeam ""]
[PlyCount "129"]
[TimeControl "720+1"]

1. e4 e5 2. Nf3 Nc6 3. Bc4 Bc5 4. c3 Nf6 5. d3 d6 6. Bb3 O-O 7. Nbd2 a5 
8. O-O h6 9. a4 Ne7 10. Qc2 c6 11. h3 Re8 12. Nc4 Ng6 13. d4 exd4 14. cxd4 Bb4 
15. Nxd6 Bxd6 16. e5 Bxe5 17. Qxg6 Be6 18. Qd3 Bc7 19. Re1 Bxb3 20. Rxe8+ Qxe8 
21. Qxb3 Qd7 22. Ne5 Bxe5 23. dxe5 Nd5 24. Bd2 b6 25. Rd1 Rd8 26. Bf4 Qe6 
27. Bg3 g6 28. Rd4 Kh7 29. Qf3 Qf5 30. Qe2 Re8 31. Qd2 Qb1+ 32. Kh2 Kg7 
33. Qe2 Re6 34. f4 Qf5 35. Re4 g5 36. fxg5 hxg5 37. Qc4 Rh6 38. Qd4 Re6 
39. Re1 Kg6 40. b3 Kg7 41. Re2 Nf4 42. Bxf4 gxf4 43. Re4 c5 44. Rxf4 Qxh3+ 
45. gxh3 cxd4 46. Rg4+ Kh7 47. Rxd4 Rxe5 48. Rd6 Re2+ 49. Kg1 Re3 50. Rxb6 Rxh3 
51. Kf2 Kg7 52. Rb7 Rh4 53. Kg3 Rd4 54. Kf3 Rd3+ 55. Ke4 Rh3 56. b4 axb4 
57. Kd4 Rg3 58. a5 Rc3 59. Rb6 Ra3 60. a6 b3 61. Kc3 b2+ 62. Kxb2 Ra4 63. Rd6 f5 
64. Kb3 Ra1 65. Rd7+ 1/2-1/2

[Event "Thursday 18 January Rapid Engine Tour 12+1 Rounds 9 Starts 1600 ST"]
[Site "Infinity Chess"]
[Date "2018.1.18"]
[Round "3"]
[White "KhalidOmar"]
[Black "neófito"]
[Result "1/2-1/2"]
[ECO "D30"]
[WhiteElo "2454"]
[BlackElo "2455"]
[WhiteEngine "Eman SL 1.63 64-bit BMI2"]
[BlackEngine "BrainFish_180113_x64_bmi2"]
[EventType "Swiss"]
[WhiteTeam ""]
[BlackTeam ""]
[PlyCount "153"]
[TimeControl "720+1"]

1. d4 d5 2. c4 e6 3. Nf3 Nf6 4. Nc3 c6 5. e3 Nbd7 6. Qc2 Bd6 7. Bd3 O-O 
8. O-O dxc4 9. Bxc4 a6 10. Rd1 b5 11. Bd3 Bb7 12. Ng5 h6 13. Nge4 Bc7 14. b4 a5 
15. bxa5 Rxa5 16. a3 Qe7 17. Bb2 Nd5 18. Nxd5 exd5 19. Ng3 Rfa8 20. e4 Nb6 
21. Nf5 Qf8 22. exd5 Nxd5 23. g3 R5a6 24. Be4 Bd8 25. Re1 Bc8 26. Ne3 Be6 
27. Nxd5 cxd5 28. Bh7+ Kh8 29. Bd3 Ra5 30. Bf5 R5a6 31. Rab1 Bf6 32. Bxe6 fxe6 
33. Re3 Rc8 34. Qe2 Bg5 35. Rxe6 Rxe6 36. Qxe6 Rc2 37. f4 Bf6 38. Kh1 Qe7 
39. Qxe7 Bxe7 40. Bc1 Re2 41. Bb2 Re3 42. Rf1 Re2 43. Rb1 Re3 44. Rc1 Kg8 
45. Rc2 Kf7 46. Kg2 Ke6 47. Kf2 Rb3 48. Re2+ Kd7 49. f5 h5 50. Kg2 Bxa3 
51. Bxa3 Rxa3 52. Re5 b4 53. Rxd5+ Kc6 54. Rc5+ Kb6 55. Rc4 Kb5 56. Rc7 Ra6 
57. Rxg7 Rb6 58. Rg6 Rb7 59. f6 b3 60. Rg7 Rb6 61. f7 Rf6 62. d5 Kc4 63. d6 b2 
64. f8=Q Rxf8 65. Rb7 Kc3 66. d7 Kc2 67. g4 hxg4 68. Rc7+ Kb3 69. Rb7+ Ka2 
70. Ra7+ Kb1 71. Kg3 Kc1 72. Rc7+ Kd1 73. Rb7 Kc2 74. Kh4 g3 75. Kxg3 b1=Q 
76. Rxb1 Kxb1 77. h4 1/2-1/2

[Event "Thursday 18 January Rapid Engine Tour 12+1 Rounds 9 Starts 1600 ST"]
[Site "Infinity Chess"]
[Date "2018.1.18"]
[Round "3"]
[White "Neoxium"]
[Black "angriff"]
[Result "1-0"]
[ECO "B00"]
[WhiteElo "2464"]
[BlackElo "2469"]
[WhiteEngine "SF SL FA-IDeA"]
[BlackEngine "Raubfisch ME262_GTZ16b2_CTG"]
[EventType "Swiss"]
[WhiteTeam ""]
[BlackTeam ""]
[PlyCount "209"]
[TimeControl "720+1"]

1. e4 Nc6 2. Nf3 e5 3. Bc4 Nf6 4. d3 Bc5 5. c3 O-O 6. O-O d6 7. Bg5 h6 8. Bh4 a6 
9. b4 Ba7 10. Na3 g5 11. Bg3 b5 12. Bb3 Bb6 13. Re1 Be6 14. d4 exd4 
15. Nxd4 Bxb3 16. axb3 Bxd4 17. cxd4 Nxb4 18. d5 Re8 19. f3 Nh5 20. Qd2 c5 
21. dxc6 Nxc6 22. Nc2 Nxg3 23. hxg3 a5 24. Ne3 Re6 25. Kh2 Ne7 26. Red1 h5 
27. Qe2 b4 28. Qf2 Qb6 29. Qd2 h4 30. gxh4 gxh4 31. Rac1 Rg6 32. Nf5 Re8 
33. Nxh4 Rg7 34. Qd4 Qb5 35. Qxd6 Qg5 36. g3 Qe3 37. Qd2 Qxb3 38. Kg2 Ng6 
39. Nf5 Ne5 40. Qe2 Rh7 41. Rd5 Nxf3 42. Rd3 Rh2+ 43. Kxf3 Rxe2 44. Rxb3 R2xe4 
45. Rb2 Re1 46. Rc7 R8e6 47. g4 Rf1+ 48. Kg3 Rg1+ 49. Kf2 Rh1 50. Rb3 Ree1 
51. Ra7 Kh7 52. Rxa5 Rb1 53. Rxb1 Rxb1 54. Rb5 Kg6 55. Nd4 b3 56. Kg3 Rg1+ 
57. Kf4 Rf1+ 58. Nf3 Rb1 59. Rb6+ Kg7 60. Kg5 b2 61. Nd2 Rc1 62. Rxb2 Rc5+ 
63. Kh4 Rc6 64. Rb7 Kg6 65. Rb5 Ra6 66. Ne4 Re6 67. Ng5 Re8 68. Rb6+ f6 
69. Ne6 Rh8+ 70. Kg3 Rc8 71. Nf4+ Kg5 72. Rb5+ Kh6 73. Nd5 Kg7 74. Rb7+ Kh6 
75. Nxf6 Rc1 76. Rb4 Kg6 77. Rf4 Kf7 78. Nh5+ Ke6 79. Ng7+ Ke5 80. Rf5+ Kd4 
81. Nh5 Rg1+ 82. Kh4 Rh1+ 83. Kg5 Rc1 84. Rf6 Ke3 85. Kh4 Rh1+ 86. Kg3 Rg1+ 
87. Kh4 Rh1+ 88. Kg5 Rh2 89. Kh6 Rd2 90. g5 Rd8 91. g6 Kd3 92. g7 Rg8 
93. Rf8 Rxg7 94. Nxg7 Kc2 95. Rf3 Kd2 96. Nf5 Kc2 97. Nd4+ Kb2 98. Kg5 Ka1 
99. Kf4 Kb1 100. Rb3+ Ka1 101. Ke3 Ka2 102. Kd2 Ka1 103. Kc2 Ka2 104. Ne2 Ka1 
105. Ra3# 1-0

[Event "Thursday 18 January Rapid Engine Tour 12+1 Rounds 9 Starts 1600 ST"]
[Site "Infinity Chess"]
[Date "2018.1.18"]
[Round "3"]
[White "hafaba"]
[Black "Eman"]
[Result "1/2-1/2"]
[ECO "A05"]
[WhiteElo "2476"]
[BlackElo "2466"]
[WhiteEngine "Stockfish SL 07012018 POPCNT_CTG"]
[BlackEngine "Eman SL 1.63 64-bit POPCNT"]
[EventType "Swiss"]
[WhiteTeam ""]
[BlackTeam ""]
[PlyCount "104"]
[TimeControl "720+1"]

1. Nf3 Nf6 2. d4 d5 3. c4 e6 4. Nc3 c6 5. e3 Nbd7 6. Bd3 dxc4 7. Bxc4 b5 
8. Bd3 Bb7 9. a3 Bd6 10. O-O O-O 11. Qc2 Re8 12. Bd2 a5 13. Ng5 h6 14. Nge4 Bf8 
15. Nxf6+ Nxf6 16. Ne4 Nxe4 17. Bxe4 b4 18. Rfc1 Qb6 19. f4 Rab8 20. Qa4 c5 
21. Bxb7 Qxb7 22. axb4 cxb4 23. Qxa5 Ra8 24. Qh5 Rxa1 25. Rxa1 Rc8 26. Qd1 Qb5 
27. b3 Qd3 28. Ra2 Be7 29. Rb2 g5 30. fxg5 Bxg5 31. Qe1 Rc3 32. Kf2 Rxb3 
33. Rxb3 Qxb3 34. Bxb4 Bxe3+ 35. Qxe3 Qxb4 36. Qf4 Qb1 37. g4 Qb4 38. Ke3 Qb3+ 
39. Ke4 Kg7 40. Qe5+ Kg6 41. h4 Kh7 42. Kf4 Qa2 43. Qe4+ Kg8 44. Kf3 Qh2 
45. h5 Qg1 46. Kf4 Qf2+ 47. Ke5 Qh2+ 48. Kf6 Qc7 49. Qa8+ Kh7 50. Qe4+ Kg8 
51. Qa8+ Kh7 52. Qe4+ Kg8 1/2-1/2

[Event "Thursday 18 January Rapid Engine Tour 12+1 Rounds 9 Starts 1600 ST"]
[Site "Infinity Chess"]
[Date "2018.1.18"]
[Round "3"]
[White "MGR"]
[Black "THE_MACHINE"]
[Result "1/2-1/2 "]
[ECO "A03"]
[WhiteElo "2478"]
[BlackElo "2492"]
[WhiteEngine "asmFishW_2017-11-19_bmi2"]
[BlackEngine "Houdini 6"]
[EventType "Swiss"]
[WhiteTeam ""]
[BlackTeam ""]
[PlyCount "23"]
[TimeControl "720+1"]

1. f4 d5 2. Nf3 Nf6 3. e3 g6 4. b4 Bg4 5. Be2 e6 6. a3 a5 7. b5 Bg7 8. Bb2 O-O 
9. O-O Nbd7 10. c4 c6 11. bxc6 bxc6 12. a4 1/2-1/2

[Event "Thursday 18 January Rapid Engine Tour 12+1 Rounds 9 Starts 1600 ST"]
[Site "Infinity Chess"]
[Date "2018.1.18"]
[Round "3"]
[White "Katzenmaier"]
[Black "Gilgamesch"]
[Result "1/2-1/2"]
[ECO "C25"]
[WhiteElo "2485"]
[BlackElo "2492"]
[WhiteEngine "S_XPrO.251117.x64.POPCNT_CTG"]
[BlackEngine "BrainFish_171005_x64_bmi2"]
[EventType "Swiss"]
[WhiteTeam ""]
[BlackTeam ""]
[PlyCount "119"]
[TimeControl "720+1"]

1. e4 e5 2. Nc3 Nc6 3. g3 Bc5 4. d3 Nf6 5. Bg2 a5 6. Nge2 d6 7. O-O O-O 
8. h3 Rb8 9. a4 Ra8 10. Bg5 h6 11. Bxf6 Qxf6 12. Qd2 Qd8 13. Kh2 Nd4 14. f4 Bd7 
15. Nxd4 Bxd4 16. Rad1 c6 17. f5 Qb6 18. f6 Be3 19. Qe2 g6 20. Nb1 h5 
21. Nd2 Bh6 22. b3 Qc5 23. Nf3 Rfd8 24. d4 exd4 25. Rxd4 d5 26. c4 dxe4 
27. Rxe4 Bf5 28. Re5 Qd6 29. c5 Qd3 30. Qxd3 Rxd3 31. Re7 Be6 32. Rxb7 Rad8 
33. h4 Rc3 34. b4 axb4 35. Rxb4 Bd5 36. Rf2 Bxf3 37. Rxf3 Rc2 38. g4 hxg4 
39. Rxg4 Rxc5 40. Bf1 Bd2 41. Bc4 Kf8 42. Kg3 Ra5 43. Rb3 Rf5 44. Rd4 Be1+ 
45. Kg2 Rf2+ 46. Kh3 Re8 47. Rd6 Rf4 48. Rxc6 Kg8 49. Rc7 Rxf6 50. Rxf7 Rxf7 
51. Rf3 Ref8 52. Bxf7+ Rxf7 53. Rxf7 Kxf7 54. Kg4 Kf6 55. h5 g5 56. h6 Bd2 
57. h7 Kg7 58. h8=Q+ Kxh8 59. a5 Bxa5 60. Kxg5 1/2-1/2

[Event "Thursday 18 January Rapid Engine Tour 12+1 Rounds 9 Starts 1600 ST"]
[Site "Infinity Chess"]
[Date "2018.1.18"]
[Round "3"]
[White "IronMan"]
[Black "xeonrocks"]
[Result "1/2-1/2"]
[ECO "A13"]
[WhiteElo "2410"]
[BlackElo "2517"]
[WhiteEngine "Eman 1.58 64-bit BMI2"]
[BlackEngine "asmFishW_CTG"]
[EventType "Swiss"]
[WhiteTeam ""]
[BlackTeam ""]
[PlyCount "102"]
[TimeControl "720+1"]

1. c4 e6 2. d4 d5 3. Nf3 Nf6 4. Nc3 c6 5. e3 Nbd7 6. Qc2 Bd6 7. b3 O-O 8. Be2 b6 
9. Bb2 Bb7 10. O-O Qe7 11. Rfe1 h6 12. cxd5 cxd5 13. Nb5 Rfc8 14. Qd3 Bb4 
15. Rec1 Rxc1+ 16. Rxc1 Qd8 17. Qb1 a6 18. a3 Be7 19. Nc3 Rc8 20. Bd3 b5 
21. Rc2 Rc7 22. Ne2 Ne4 23. Rxc7 Qxc7 24. Qc2 Qxc2 25. Bxc2 b4 26. axb4 Bxb4 
27. Ne5 Nxe5 28. dxe5 Bc6 29. f3 Nc5 30. Nc1 Bb5 31. Kf2 a5 32. Na2 Nd3+ 
33. Bxd3 Bxd3 34. Nxb4 axb4 35. h4 Bh7 36. Bd4 Bc2 37. Bc5 Bxb3 38. Bxb4 h5 
39. g4 Bc2 40. Kg3 hxg4 41. fxg4 f5 42. exf6 gxf6 43. Kf4 e5+ 44. Kf3 Bd1+ 
45. Kg3 Kg7 46. Bd2 Be2 47. Ba5 Kg6 48. Bb4 f5 49. gxf5+ Kxf5 50. Ba5 d4 
51. exd4 exd4 1/2-1/2

[Event "Thursday 18 January Rapid Engine Tour 12+1 Rounds 9 Starts 1600 ST"]
[Site "Infinity Chess"]
[Date "2018.1.18"]
[Round "3"]
[White "NINJA_JENGKA"]
[Black "Marsell"]
[Result "1/2-1/2"]
[ECO "A06"]
[WhiteElo "2438"]
[BlackElo "2486"]
[WhiteEngine "Houdini 6"]
[BlackEngine "asmFishW_2018-01-11_popcnt"]
[EventType "Swiss"]
[WhiteTeam ""]
[BlackTeam ""]
[PlyCount "164"]
[TimeControl "720+1"]

1. Nf3 d5 2. d4 Nf6 3. e3 e6 4. c4 c6 5. b3 c5 6. Nbd2 cxd4 7. exd4 b6 
8. Bb2 Be7 9. Bd3 Nc6 10. Rc1 O-O 11. a3 Bb7 12. O-O Rc8 13. Qe2 g6 14. Rfe1 Re8 
15. b4 dxc4 16. Nxc4 Nd5 17. g3 Bf8 18. h4 Nce7 19. Nce5 Rxc1 20. Rxc1 f6 
21. Nc4 Nf5 22. Ncd2 Qe7 23. Re1 h5 24. Rf1 Rc8 25. Ne4 Bh6 26. Re1 Bf8 
27. Rd1 Rc7 28. Re1 Kg7 29. Nfd2 Rc8 30. Nf3 Qd7 31. Bb5 Qc7 32. Bd3 Qd8 
33. Nfd2 Be7 34. Nf3 Kf8 35. Bb1 Qd7 36. Kh2 Nc7 37. Bd3 Ne8 38. Bb1 Bd5 
39. Nfd2 Bb7 40. Nf3 Qd5 41. Ned2 Neg7 42. Be4 Qd7 43. Rd1 Bd5 44. Bd3 a5 
45. Nc4 Qb7 46. Nfd2 axb4 47. axb4 b5 48. Ne3 Nxe3 49. fxe3 f5 50. Rf1 Kg8 
51. e4 fxe4 52. Nxe4 Nf5 53. Kh3 Bc4 54. Bxc4 Rxc4 55. Nd2 Rc6 56. g4 Ng7 
57. Ne4 Rc4 58. gxh5 gxh5 59. Qg2 Qc8 60. Rf2 e5+ 61. Kh2 exd4 62. Qg3 Qg4 
63. Qb8+ Rc8 64. Qe5 Qxh4+ 65. Kg1 Rc6 66. Qxd4 Rg6+ 67. Rg2 Rxg2+ 68. Kxg2 Qg4+ 
69. Kh2 Ne6 70. Qh8+ Kf7 71. Qh7+ Ke8 72. Nf6+ Bxf6 73. Bxf6 Qe2+ 74. Kg3 h4+ 
75. Bxh4 Qe3+ 76. Kh2 Qf4+ 77. Kg1 Qg4+ 78. Kf1 Qd1+ 79. Kf2 Qd4+ 80. Kg2 Nf4+ 
81. Kf3 Qd3+ 82. Qxd3 Nxd3 1/2-1/2